 Dungeon Crawl Stone Soup version 0.31-a0-408-gb642c7f9a3 (webtiles) character file.

Game seed: 8965884770301570134

263 holysushi the Cutter (level 5, -4/25 (27) HPs)
             Began as a Spriggan Monk on July 29, 2023.
             Slain by a hell rat (16 damage)
             ... in a sewer.
             The game lasted 00:03:38 (3109 turns).

holysushi the Cutter (Spriggan Monk)                Turns: 3109, Time: 00:03:39

HP:   -4/25 (27)    AC:  2    Str:  7    XL:     5   Next: 98%
MP:   6/6           EV: 19    Int: 11    God:
Gold: 85            SH:  0    Dex: 20    Spells: 4/4 levels left

rFire   + . .        l - +1 dagger (venom)
rCold   + . .        (no shield)
rNeg    . . .        b - +0 robe
rPois   .            (helmet restricted)
rElec   .            c - scarf {rC+ rF+}
rCorr   .            (gloves unavailable)
SInv    +            (boots unavailable)
Will    .....        (no amulet)
Stlth   ++           (no ring)
HPRegen 0.24/turn    (no ring)
MPRegen 0.10/turn

%: no passive effects
@: drained, very quick
A: very small, no large weapons, unfitting armour, see invisible, speed 3
a: no special abilities


You were in a sewer.
You visited 1 branch of the dungeon, and saw 4 of its levels.
You also visited: Sewer.

You collected 219 gold pieces.
You spent 134 gold pieces at shops.

Inventory:

Hand Weapons
 a - a +0 short sword of protection
 l - a +1 dagger of venom (weapon)
 m - a +0 sling
Armour
 b - a +0 robe (worn)
 c - a scarf of resistance (worn)
 d - an orb of light
Wands
 j - a wand of roots (6)
Scrolls
 n - a scroll of fear
 q - a scroll of teleportation
Potions
 e - a potion of enlightenment
 f - a potion of brilliance
 g - a potion of heal wounds
 h - 2 potions of mutation
 k - a potion of lignification {unknown}
 o - a potion of berserk rage {unknown}
 p - a potion of cancellation {unknown}
 r - a potion of curing


   Skills:
 - Level 2.4 Fighting
 + Level 7.4 Short Blades
 - Level 4.0 Dodging


You had 4 spell levels left.
You didn't know any spells.
Your spell library contained the following spells:

 Spells                   Type           Power      Damage    Failure   Level
 Summon Small Mammal      Summ           0%         N/A       34%         1
 Call Canine Familiar     Summ           0%         N/A       71%         3
 Summon Guardian Golem    Hex/Summ       0%         N/A       71%         3
 Summon Forest            Summ/Tloc      0%         N/A       100%        5
 Eringya's Noxious Bog    Tmut/Pois      0%         4d6       100%        6
 Summon Hydra             Summ           0%         N/A       100%        7


Dungeon Overview and Level Annotations

Branches:
Dungeon (4/15) Zot: 21902   Sewer (1/1) Zot: 5964
 Temple: D:4-7

Altars:

Shops:
D:1 *   D:4 *

Annotations:
D:4 Eustachio


Innate Abilities, Weirdness & Mutations

You are very small and have problems with some larger weapons.
You are too small for most types of armour.
You have supernaturally acute eyesight. (SInv)
You cover ground extremely quickly. (Speed+++)


Message History

No target in view!
You enter the shallow water.
Moving in this stuff is going to be slow.
You enter the shallow water.
Moving in this stuff is going to be slow.
You enter the shallow water.
Moving in this stuff is going to be slow.
You open the door.
A hell rat comes into view.
The hell rat roars deafeningly!
Found four items.
Found a gate leading back out of this place.
Found a fizzy brown potion, a grey potion and a scroll of fear.
There is an open door here.
A hell rat is nearby!
You hit the hell rat.
The hell rat is poisoned.
The hell rat is lightly wounded.
A hell rat is nearby!
A hell rat is nearby!
You hit the hell rat but do no damage.
The hell rat looks as sick as possible!
The hell rat is lightly wounded.
The hell rat bites you!
Ouch! That really hurt!
You feel drained.
You are too injured to fight recklessly!
You are too injured to fight recklessly!
You hit the hell rat.
The hell rat looks as sick as possible!
The hell rat is heavily wounded.
The hell rat completely misses you.
You are too injured to fight recklessly!
You hit the hell rat but do no damage.
The hell rat looks as sick as possible!
The hell rat is heavily wounded.
You closely miss the hell rat.
The hell rat is heavily wounded.
The hell rat misses you.
You hit the hell rat but do no damage.
The hell rat looks as sick as possible!
The hell rat is heavily wounded.
The hell rat bites you!
Ouch! That really hurt!
You die...

#########
###.~..~.~###
#..~..~~.~~.###
~~~~##@##~~~.~# ##
~ #.r~###..~## #~~
.~~~~~.##~†.#
#~~.#.~~~~~...#††~#
#~~.##~!??!!~##~..#
#~~.###?∩?###~~~##
#~~..~#####~..~~#
#~†~.~∩.~~~~###
###.~~∩~.~###


You could see a hell rat (extremely poisoned).

Vanquished Creatures
  2 orc priests (D:3)
  3 orc wizards (D:3)
  A river rat (Sewer)
  3 adders
  2 dart slugs
  6 orcs
  7 bats
  2 endoplasms
  2 giant cockroaches (D:3)
  9 goblins
  14 hobgoblins
  2 jackals (D:1)
  A quokka (D:1)
  11 ball pythons
  3 frilled lizards (D:1)
  6 kobolds
  9 rats
83 creatures vanquished.

Notes
Turn   | Place    | Note
-------+----------+-------------------------------------------
     0 | D:1      | holysushi the Spriggan Monk began the quest for the Orb.
     0 | D:1      | Reached XP level 1. HP: 11/11 MP: 2/2
   190 | D:1      | Reached skill level 4 in Short Blades
   190 | D:1      | Reached XP level 2. HP: 16/16 MP: 3/3
   323 | D:1      | Found Uschucell's Assorted Antiques.
   332 | D:1      | Bought a scroll labelled QOASAU FIAR for 27 gold pieces
   332 | D:1      | Bought a scroll labelled YGRENK UCEUD for 27 gold pieces
   701 | D:1      | Reached XP level 3. HP: 19/19 MP: 4/4
  1217 | D:2      | Reached skill level 5 in Short Blades
  1567 | D:3      | Reached XP level 4. HP: 14/23 MP: 5/5
  2005 | D:3      | Reached skill level 6 in Short Blades
  2170 | D:2      | Reached XP level 5. HP: 24/27 MP: 6/6
  2770 | D:3      | Reached skill level 7 in Short Blades
  2889 | D:4      | Noticed Eustachio
  2986 | D:4      | Found Zeppemm's General Store.
  2994 | D:4      | Bought a scroll of teleportation for 30 gold pieces
  2994 | D:4      | Bought a potion of curing for 30 gold pieces
  2994 | D:4      | Bought a scroll of identify for 20 gold pieces
  3016 | D:4      | Found a glowing drain.
  3066 | Sewer    | Entered a sewer
  3109 | Sewer    | Slain by a hell rat

Illustrated notes

Levels and vault maps discovered:
D:1:      minmay_arrival_nine_rooms, layout_loops_ring, serial_shops, shop
D:2:      cheibrodos_greedy_goblins, layout_basic, kennysheep_cross_bottleneck,
          minmay_stone_trees_small
D:3:      cheibrodos_pilgrimage, layout_basic, minivault_19
D:4:      layout_loops_ring, portal_sewer_entry_a, serial_shops, shop,
          uniq_eustachio
Sewer:    sewer_hellmonk_bad_rat

Skill      XL: |  1  2  3  4  5 |
---------------+----------------+-----
Short Blades   | 4 5 6 7 |  7.4
Fighting       | |  2.4
Dodging        | |  4.0

Action                     |  1- 3 |  4- 6 || total
---------------------------+-------+-------++-------
  Melee: Short sword       |   155 |       ||   155
         Dagger            |    25 |   112 ||   137
         Punch             |     1 |     1 ||     2
    Use: Scroll            |     4 |     6 ||    10
         Potion            |       |     1 ||     1
   Stab: Sleeping          |     1 |     1 ||     2
 Armour: Robe              |    27 |     4 ||    31
  Dodge: Dodged            |   118 |    57 ||   175

Table legend: (Time is in decaauts)
 A = Elapsed time spent in this place.
 B = Non-inter-level travel time spent in this place.
 C = Inter-level travel time spent in this place.
 D = Time resting spent in this place.
 E = Time spent auto-exploring this place.
 F = Levels seen in this place.
 G = Mean time per level.
                   A        B        C        D        E       F      G
               +--------+--------+--------+--------+--------+-----+--------+
         Total |   2132 |   2080 |     52 |    258 |   1261 |   5 |  426.4 |
       Dungeon |   2097 |   2045 |     52 |    258 |   1255 |   4 |  524.2 |
         Sewer |     34 |     34 |      0 |      0 |      6 |   1 |   34.0 |
               +--------+--------+--------+--------+--------+-----+--------+

Top non-repeatable levels by time:
     D:3: 814 daAuts
     D:2: 623 daAuts
     D:1: 537 daAuts
     D:4: 122 daAuts
   Sewer: 34 daAuts
